 Dungeon Crawl Stone Soup version 0.29-a0-362-g5854e031c7 (webtiles) character file.

Game seed: 2059351198164832400

488 Shayle the Sneak (level 7, -5/43 HPs)
             Began as a Tengu Brigand on Apr 29, 2022.
             Killed by divine providence
             ... invoked by an orc priest
              (15 damage)
             ... on level 4 of the Dungeon.
             The game lasted 00:11:07 (4327 turns).

Shayle the Sneak (Tengu Brigand)                    Turns: 4327, Time: 00:11:07

Health: -5/43      AC:  6    Str: 11    XL:     7   Next: 13%
Magic:  12/12      EV: 14    Int: 13    God:
Gold:   244        SH:  0    Dex: 16    Spells: 12/12 levels left

rFire   . . .      SeeInvis .   C - +2 morningstar (holy)
rCold   . . .      Faith    .   (no shield)
rNeg    . . .      Spirit   .   p - +0 ring mail
rPois   .          Reflect  .   (helmet restricted)
rElec   .          Harm     .   c - +0 cloak
rCorr   .          Rampage  .   (no gloves)
Will    .....                   (boots unavailable)
Stlth   ++........              (no amulet)
HPRegen 0.14/turn               (no ring)
MPRegen 0.13/turn               (no ring)

@: flying quickly and evasively, quick
A: beak, talons 3, nimble flight
a: no special abilities


You were on level 4 of the Dungeon.
You visited 1 branch of the dungeon, and saw 4 of its levels.

You collected 244 gold pieces.

Inventory:

Hand Weapons
 a - a +2 dagger
 C - a +2 morningstar of holy wrath (weapon)
Missiles
 d - 6 poisoned darts (quivered)
 m - a curare-tipped dart
Armour
 b - a +0 robe
 c - a +0 cloak (worn)
 p - a +0 ring mail (worn)
 r - a +1 robe of cold resistance
Jewellery
 s - a ring of ice
 y - a ring of flight
Scrolls
 g - 2 scrolls of enchant weapon {unknown}
 i - a scroll of enchant armour {unknown}
 j - 2 scrolls of teleportation {unknown}
 n - a scroll of amnesia {unknown}
 o - a scroll of immolation {unknown}
 t - a scroll of summoning {unknown}
 u - 2 scrolls of holy word {unknown}
 v - 2 scrolls of fog {unknown}
 w - a scroll of torment {unknown}
 x - 2 scrolls of magic mapping {unknown}
 z - a scroll of silence {unknown}
 A - a scroll of blinking {unknown}
Potions
 e - a potion of lignification
 f - a potion of berserk rage
 h - 2 potions of curing
 k - 2 potions of heal wounds {unknown}
 l - 4 potions of mutation
 q - 2 potions of flight
 B - a potion of brilliance {unknown}


   Skills:
 + Level 4.0 Fighting
 - Level 2.1 Short Blades
 - Level 2.0 Throwing
 + Level 4.0 Dodging
 + Level 5.6 Stealth
 + Level 3.0 Spellcasting


You had 12 spell levels left.
You didn't know any spells.
Your spell library contained the following spells:

 Spells                   Type           Power      Damage    Failure   Level
 Animate Skeleton         Necr           2%         N/A       50%         1
 Pain                     Necr           4%         1d4       50%         1
 Sandblast                Erth           2%         2d4       50%         1
 Passwall                 Tmut/Erth      0%         N/A       63%         2
 Sublimation of Blood     Necr           1%         N/A       63%         2
 Wereblood                Tmut           1%         N/A       63%         2
 Ozocubu's Armour         Ice            1%         N/A       86%         3
 Portal Projectile        Hex/Tloc       2%         N/A       86%         3
 Stone Arrow              Conj/Erth      2%         3d7       86%         3
 Vampiric Draining        Necr           1%         2d6       86%         3
 Blade Hands              Tmut           0%         N/A       100%        5
 Excruciating Wounds      Necr           0%         N/A       100%        5
 Metabolic Englaciation   Hex/Ice        0%         N/A       100%        5
 Simulacrum               Ice/Necr       0%         N/A       100%        6
 Summon Hydra             Summ           0%         N/A       100%        7


Dungeon Overview and Level Annotations

Branches:
Dungeon (4/15)
 Temple: D:4-7

Altars:

Shops:
D:1 [   D:3 (


Innate Abilities, Weirdness & Mutations

You have a beak for a mouth.
You have claws for feet.
Your magical nature lets you fly swiftly and evasively.


Message History

The orc closely misses you. The orc priest barely misses you.
You see here a +0 flail.
You closely miss the orc priest. The orc priest closely misses you.
The orc hits you with a +0 short sword. The orc misses you.
The orc priest calls down the wrath of Beogh upon you.
Pain shoots through your body!
You hit the orc priest. You claw the orc priest.
Your peck misses the orc priest.
The orc priest is moderately wounded.
The orc priest hits you with a +0 mace. The orc barely misses you.
You hit the orc priest. You claw the orc priest.
You peck the orc priest, but do no damage.
The orc priest is heavily wounded.
The orc priest looks encouraged for a moment.
The orc hits you with a +0 short sword. The orc barely misses you.
The orc priest completely misses you.
You closely miss the orc priest.
The orc wizard shouts!
You claw the orc priest.
The orc priest is severely wounded.
The orc priest completely misses you.
The orc wizard points at you and mumbles some strange words.
The magic dart hits you but does no damage.
The orc barely misses you.
You hit the orc priest. Your peck misses the orc priest.
The orc priest is almost dead.
The orc priest hits you with a +0 mace. The orc hits you with a +0 short sword.
The orc hits you but does no damage. The orc priest hits you with a +0 mace.
You closely miss the orc priest. Your kick misses the orc priest.
Your peck misses the orc priest.
The orc priest is severely wounded.
The orc priest calls down the wrath of Beogh upon you.
Pain shoots through your body!
* * * LOW HITPOINT WARNING * * *
The orc hits you but does no damage.
You feel better.
The orc priest calls down the wrath of Beogh upon you.
Beogh smites you!
You die...

#.###...#.......#
#............)...
###...#.#.#.#..#..
#####..#)........)#
#...)..))........#
#.##########.#.....
#.##..# ###..# ###
#### ##.#.##o##...##
####...##...## #@...##
........#..###.#o..#.#
#........# .#.o.###
#.....##.# #..#.##
##.......# #.....##
######..# ##8....#
#..#######.####.#
#..))oo.o.......#
#......o..#######


You could see an orc priest, an orc wizard and an orc.

Vanquished Creatures
  An orc warrior (D:4)
  A jelly (D:4)
  Terence (D:2)
  Jessica (D:2)
  An iguana (D:4)
  Natasha (thrice) (D:4)
  An orc wizard (D:3)
  6 adders
  3 gnolls (D:4)
  A worm (D:2)
  2 dart slugs
  15 orcs (D:4)
  3 endoplasms
  4 giant cockroaches
  5 hobgoblins
  10 jackals
  A quokka (D:3)
  8 ball pythons
  6 bats
  2 frilled lizards
  6 goblins
  8 kobolds
  2 rats
91 creatures vanquished.

Notes
Turn   | Place    | Note
-------+----------+-------------------------------------------
     0 | D:1      | Shayle the Tengu Brigand began the quest for the Orb.
     0 | D:1      | Reached XP level 1. HP: 12/12 MP: 2/2
   393 | D:1      | Found Wusod's Antique Armour Shop.
   404 | D:1      | Reached XP level 2. HP: 17/17 MP: 3/3
  1091 | D:2      | Noticed Terence
  1105 | D:2      | Killed Terence
  1106 | D:2      | Reached skill level 1 in Spellcasting
  1106 | D:2      | Reached XP level 3. HP: 19/22 MP: 5/5
  1630 | D:2      | Reached XP level 4. HP: 25/27 MP: 6/6
  1679 | D:2      | Noticed Jessica
  1683 | D:2      | Killed Jessica
  2332 | D:3      | Gained mutation: Your magical nature lets you fly swiftly
                  | and evasively. [Tengu growth]
  2332 | D:3      | Reached XP level 5. HP: 32/32 MP: 8/8
  2809 | D:3      | Found Tadwusiph's Antique Weapon Shop.
  2935 | D:4      | Reached skill level 5 in Stealth
  2990 | D:4      | Noticed Natasha
  3013 | D:4      | Killed Natasha
  3064 | D:4      | Reached XP level 6. HP: 30/37 MP: 10/10
  3498 | D:4      | Noticed Natasha
  3505 | D:4      | Killed Natasha
  3558 | D:4      | Noticed an orc warrior
  3570 | D:4      | Killed an orc warrior
  3635 | D:4      | Noticed Natasha
  3665 | D:4      | Killed Natasha
  3666 | D:4      | Reached XP level 7. HP: 12/43 MP: 12/12
  4327 | D:4      | Killed from afar by an orc priest

Illustrated notes

Levels and vault maps discovered:
D:1:      dpeg_arrival_fog, layout_basic, serial_shops,
          nicolae_shop_hallway_stairs
D:2:      layout_loops_cross, uniq_terence, uniq_jessica
D:3:      layout_basic, serial_shops, nicolae_shop_overgrown_old_shop,
          kennysheep_generic_room_15
D:4:      cheibrodos_old_hovel, layout_loops_ring, guppyfry_early_orc_mine,
          uniq_natasha

Skill      XL: |  1  2  3  4  5  6  7 |
---------------+----------------------+-----
Dodging        | 2 3 4 |  4.0
Spellcasting   | 1 2 3 |  3.0
Fighting       | 3 4 |  4.0
Stealth        | 5 |  5.6
Short Blades   | |  2.1
Throwing       | |  2.0

Action                   |  1- 3 |  4- 6 |  7- 9 || total
-------------------------+-------+-------+-------++-------
Melee: Dagger            |    61 |   161 |       ||   222
       Kick              |    15 |    48 |     7 ||    70
       Peck              |     8 |    28 |     1 ||    37
       Punch             |       |     3 |       ||     3
       Morningstar       |       |     4 |    19 ||    23
Throw: Dart              |     3 |    14 |       ||    17
  Use: Scroll            |     1 |     4 |       ||     5
       Potion            |       |     1 |     1 ||     2
 Stab: Sleeping          |     4 |     8 |       ||    12
Armor: Robe              |    18 |       |       ||    18
       Ring mail         |     2 |    52 |     7 ||    61
Dodge: Dodged            |    36 |    82 |    24 ||   142

Table legend: (Time is in decaauts)
 A = Elapsed time spent in this place.
 B = Non-inter-level travel time spent in this place.
 C = Inter-level travel time spent in this place.
 D = Time resting spent in this place.
 E = Time spent auto-exploring this place.
 F = Levels seen in this place.
 G = Mean time per level.
                   A        B        C        D        E       F      G
               +--------+--------+--------+--------+--------+-----+--------+
         Total |   4228 |   4137 |     91 |    844 |   2253 |   4 | 1057.0 |
       Dungeon |   4228 |   4137 |     91 |    844 |   2253 |   4 | 1057.0 |
               +--------+--------+--------+--------+--------+-----+--------+

Top non-repeatable levels by time:
     D:1: 1246 daAuts
     D:4: 1232 daAuts
     D:3: 984 daAuts
     D:2: 764 daAuts
